Unix NetHack Version 5.0.0-0 post-release - last build May  4 2026 22:22:43 (774f63e81ad911689b3a0859ea89b322d5daca8d,branch:main).

Game began 2026-05-05 17:59:17, ended 2026-05-05 18:12:29.

08245982402, neutral male human Tourist

                                                                   ----------
                                                    ###############.........|
                                                   ##---------     |........|
          ---------------                     ###### |.......|     |........|
         #-.............|          ############      |.......|    #-........|
         #|.............|###########                 |........#####|........|
         #|.............-#                          #-.......|     -|--------
         #|....<........|                       #####|.......|      #
         #--|--------|---                       #    |.......|      #
         #  #        #              ---------####    ---------      #
         #           #              |........#                      ###
         #           ####           |.......|                         #
 --------#    -------.--.--      ###......{.|                         #
 |.......#### |...........|     ##  |..>....|                       # #  ##
 |......|   ##|.......{...-######   ---------                 #    -|-.---|--
 |......-#####............|                                   ####f@:.......|
 --------     -------------                                        |k.......|
                                                                   |........|
                                                                   ----------

08245982402 the Sightseer   St:8 Dx:13 Co:17 In:12 Wi:11 Ch:14  Neutral
Dlvl:2  $:406 HP:0(26) Pw:15(15) AC:10 Xp:3 T:943 

Latest messages:
 You swap places with your kitten.
 You see here a dart.
 The kitten misses the kobold.
 The kitten misses the kobold.
 In what direction? 9
 The kitten misses the kobold.
 The kitten bites the kobold.
 The kobold hits the kitten.
 You see here a +2 dart.
 The kitten bites the kobold.
 The kobold is killed!
 You see here 3 darts.
 You swap places with your kitten.
 You see here a dart.
 The kitten picks up a dart.
 w - a dart (11 in total).
 You see here 2 darts.
 w - 2 darts (13 in total).
 You swap places with your kitten.
 You see here a +2 dart.
 a - a +2 dart (at the ready) (35 in total).
 You see here a dart.
 The kitten drops a dart.
 w - a dart (14 in total).
 You swap places with your kitten.
 You see here a dart.
 w - a dart (15 in total).
 The large kobold throws a dart!
 You are hit by a dart.
 The large kobold throws a dart!
 The dart hits the gecko.
 The large kobold throws a dart!
 The dart hits the gecko.
 The gecko bites!
 You begin bashing monsters with your arrows.
 You miss the gecko.
 The gecko bites!
 You miss the gecko.
 You miss the gecko.
 The gecko bites!
 You miss the gecko.
 The gecko bites!
 You miss the gecko.
 The large kobold hits!
 You die...
 Do you want your possessions identified? [ynq] (y) y
 Do you want to see your attributes? [ynq] (y) y
 Do you want an account of creatures vanquished? [ynaq] (y) y
 Do you want to see your conduct and achievements? [ynq] (y) y
 Do you want to see the dungeon overview? [ynq] (y) y

Inventory:
 Coins    ('$')
  $ - 406 gold pieces
 Weapons  (')')
  r - 10 +0 arrows (wielded)
  t - a cursed +0 arrow
  a - 35 +2 darts (at the ready)
  w - 15 +0 darts
  x - a +0 elven dagger
  l - the cursed +0 Frost Brand
 Armor    ('[')
  z - a cursed -1 orcish helm
  i - an uncursed +0 Hawaiian shirt with an orchid motif (being worn)
  y - an uncursed +0 elven mithril-coat
 Comestibles  ('%')
  f - an uncursed slime mold
  b - 3 uncursed food rations
  d - 2 uncursed pancakes
  c - 5 uncursed tripe rations
  e - 3 uncursed eggs
  q - an uncursed lichen corpse
 Scrolls  ('?')
  p - an uncursed scroll of confuse monster
  h - 4 uncursed scrolls of magic mapping
  u - an uncursed scroll of remove curse
 Potions  ('!')
  g - 2 uncursed potions of extra healing
 Tools    ('(')
  k - an uncursed credit card
  j - an expensive camera (0:62)
 Gems/Stones  ('*')
  m - an uncursed worthless piece of black glass
  n - an uncursed worthless piece of green glass
  s - a cursed worthless piece of orange glass

08245982402 the Tourist's attributes:

Background:
 You were a Sightseer, a level 3 male human Tourist.
 You were neutral, on a mission for The Lady
 who was opposed by Blind Io (lawful) and Offler (chaotic).
 You were right-handed.
 You were in the Dungeons of Doom, on level 2.
 You entered the dungeon 943 turns ago.
 You had 44 experience points, 36 more were needed to attain level 4.

Basics:
 You had 0 out of 26 hit points.
 You had all 15 energy points (spell power).
 Your armor class was 10.
 Your wallet contained 406 zorkmids.
 Autopickup was off.

Final Characteristics:
 Your strength was 8 (limit:18/100).
 Your dexterity was 13 (limit:18).
 Your constitution was 17 (limit:18).
 Your intelligence was 12 (limit:18).
 Your wisdom was 11 (limit:18).
 Your charisma was 14 (limit:18).

Final Status:
 You weren't hungry.
 You were unencumbered.
 You were wielding arrows.

Final Attributes:
 You were fervently aligned.
 You are dead.

Miscellaneous:
 You didn't encounter any bones levels.
 Total elapsed playing time was 13 minutes and 11 seconds.

Major events:
 Turn
    1: 08245982402 the neutral male human Tourist entered the dungeon
   18: found Frost Brand on the floor
  760: attained the rank of Sightseer (level 3)
  943: killed by a large kobold

You didn't know any spells.

Skills:
 Fighting Skills
   bare handed combat [Unskilled]
   two weapon combat  [Unskilled]
   riding             [Unskilled]
 Weapon Skills
   dagger             [Unskilled]
   knife              [Unskilled]
   axe                [Unskilled]
   pick-axe           [Unskilled]
   short sword        [Unskilled]
   broadsword         [Unskilled]
   long sword         [Unskilled]
   two-handed sword   [Unskilled]
   saber              [Unskilled]
   mace               [Unskilled]
   morning star       [Unskilled]
   flail              [Unskilled]
   hammer             [Unskilled]
   quarterstaff       [Unskilled]
   polearms           [Unskilled]
   spear              [Unskilled]
   trident            [Unskilled]
   lance              [Unskilled]
   bow                [Unskilled]
   sling              [Unskilled]
   crossbow           [Unskilled]
   dart               [Basic]
   shuriken           [Unskilled]
   boomerang          [Unskilled]
   whip               [Unskilled]
   unicorn horn       [Unskilled]
 Spellcasting Skills
   divination spells  [Unskilled]
   enchantment spells [Unskilled]
   escape spells      [Unskilled]

Voluntary challenges:
 Character rerolling was not enabled.
 You followed a strict vegan diet.
 You never hit with a wielded weapon.
 You were illiterate.
 You never genocided any monsters.
 You never polymorphed an object.
 You never changed form.
 You used no wishes.
Achievement:
 You attained the rank of Sightseer.

 The Dungeons of Doom: levels 1 to 2
    Level 1:
       Some fountains.
    Level 2: <- You were here.
       Some fountains.
       Final resting place for
          you, killed by a large kobold.


Vanquished creatures:
  2 coyotes
  a hobbit
  a gecko
  2 jackals
  a fox
  3 kobolds
  a goblin
  2 grid bugs
  2 lichens
  a kobold zombie
  3 newts
19 creatures vanquished.

No species were genocided or became extinct.

Game over:
                       ----------
                      /          \
                     /    REST    \
                    /      IN      \
                   /     PEACE      \
                  /                  \
                  |   08245982402    |
                  |      406 Au      |
                  |   killed by a    |
                  |   large kobold   |
                  |                  |
                  |                  |
                  |       2026       |
                 *|     *  *  *      | *
        _________)/\\_//(\/(/\)/\//\/|_)_______

Aloha 08245982402 the Tourist...

You died in The Dungeons of Doom on dungeon level 2 with 248 points,
and 406 pieces of gold, after 943 moves.
You were level 3 with a maximum of 26 hit points when you died.

